| TOP OF THE 1ST |
|
Tucson Toros batting - Pitching for Salt Lake City Bees : RHP William Bates
|
|
Pitching: RHP William Bates
|
|
|
Batting: LHB Juan Bustabad
|
0-0: Ball 1-0: Ball 2-0: Ball 3-0: Base on Balls
|
|
Batting: SHB Rodney Scott
|
0-0: Called Strike 0-1: Ball 1-1: Ball 2-1: Swinging Strike 2-2: Ball 3-2: Base on Balls Juan Bustabad to second
|
|
Batting: RHB David Holmes
|
0-0: Ball 1-0: Ball 2-0: Foul Ball, location: 2F 2-1: Ball 3-1: Base on Balls Juan Bustabad to third Rodney Scott to second
|
|
Batting: LHB Pat Dodson
|
0-0: Swinging Strike 0-1: Fly out, F7 (Flyball, 7S, EV 65.0 MPH)
|
|
Batting: LHB Jeremy Penk
|
0-0: Ball 1-0: Ball 2-0: SINGLE (Groundball, 34S, EV 71.3 MPH) (infield hit) Juan Bustabad scores Rodney Scott to third David Holmes to second
|
|
Batting: SHB Michael Miara
|
0-0: SINGLE (Flyball, 89S, EV 85.6 MPH) Rodney Scott scores David Holmes to third Jeremy Penk to second
|
|
Batting: LHB Danny Garcia
|
0-0: Called Strike 0-1: Called Strike 0-2: Foul Ball, location: 2F 0-2: Ball 1-2: Ball 2-2: Fly out, F7 (Flyball, 78M, EV 85.6 MPH)
|
|
Batting: LHB Bruce Boisclair
|
0-0: Called Strike 0-1: DOUBLE (Groundball, 3L, EV 97.5 MPH) David Holmes scores Jeremy Penk scores Michael Miara to third Runner from 3rd tries for Home, SAFE, throw by RF to home
|
|
Batting: RHB Talmadge Tanks
|
0-0: Called Strike 0-1: Swinging Strike 0-2: Ball 1-2: Foul Ball, location: 2F 1-2: Ball 2-2: Strikes out swinging
|
| Top of the 1st over - 5 runs, 3 hits, 0 errors, 1 left on base; Tucson 5 - Salt Lake City 0 |
| BOTTOM OF THE 1ST |
|
Salt Lake City Bees batting - Pitching for Tucson Toros : RHP Alfredo Campos
|
|
Pitching: RHP Alfredo Campos
|
|
|
Batting: RHB Stephen Vaughan
|
0-0: Called Strike 0-1: Swinging Strike 0-2: Foul Ball, location: 2F 0-2: Ball 1-2: Strikes out swinging
|
|
Batting: LHB Eric Attaway
|
0-0: Foul Ball, location: 2F 0-1: Ball 1-1: Ball 2-1: Foul Ball, location: 2F 2-2: Ground out 6-3 (Groundball, 6M, EV 109.4 MPH)
|
|
Batting: LHB Thomas Dorsey
|
0-0: Called Strike 0-1: Fly out, F7 (Flyball, 7S, EV 84.4 MPH)
|
| Bottom of the 1st over - 0 runs, 0 hits, 0 errors, 0 left on base; Tucson 5 - Salt Lake City 0 |
| TOP OF THE 2ND |
|
Tucson Toros batting - Pitching for Salt Lake City Bees : RHP William Bates
|
|
Batting: LHB Juan Bustabad
|
0-0: Ball 1-0: Ball 2-0: Ball 3-0: Called Strike 3-1: Swinging Strike 3-2: Ground out U3 (Groundball, 3S, EV 85.6 MPH)
|
|
Batting: SHB Rodney Scott
|
0-0: Called Strike 0-1: Fly out, F9 (Flyball, 89D, EV 81.3 MPH)
|
|
Batting: RHB David Holmes
|
0-0: Called Strike 0-1: Swinging Strike 0-2: Foul Ball, location: 2F 0-2: Ball 1-2: Foul Ball, location: 2F 1-2: Ball 2-2: Ball 3-2: Foul Ball, location: 2F 3-2: Foul Ball, location: 2F 3-2: Strikes out looking
|
| Top of the 2nd over - 0 runs, 0 hits, 0 errors, 0 left on base; Tucson 5 - Salt Lake City 0 |
| BOTTOM OF THE 2ND |
|
Salt Lake City Bees batting - Pitching for Tucson Toros : RHP Alfredo Campos
|
|
Batting: RHB William Cole
|
0-0: Ball 1-0: SINGLE (Groundball, 56D, EV 102.5 MPH)
|
|
Batting: RHB Dick C Schofield
|
0-0: Foul Ball, location: 2F 0-1: Foul Ball, location: 2F 0-2: Ball 1-2: Ball 2-2: Ball 3-2: Base on Balls William Cole to second
|
|
Batting: RHB Jamie Nelson
|
0-0: Called Strike 0-1: Foul Ball, location: 2F 0-2: Ball 1-2: Foul Ball, location: 2F 1-2: Ball 2-2: Foul Ball, location: 2F 2-2: Fly out, F8 (Flyball, 8LD, EV 102.5 MPH)
|
|
Batting: RHB Darnell Coles
|
0-0: 3-RUN HOME RUN (Flyball, 7LD, EV 106.3 MPH), Distance : 355 ft
|
|
Batting: RHB Reid Nichols
|
0-0: Called Strike 0-1: Called Strike 0-2: Ball 1-2: Ball 2-2: Fly out, F7 (Line Drive, 7, EV 89.4 MPH)
|
|
Batting: RHB Antonio Baca
|
0-0: Called Strike 0-1: Fly out, F7 (Flyball, 78M, EV 72.5 MPH)
|
| Bottom of the 2nd over - 3 runs, 2 hits, 0 errors, 0 left on base; Tucson 5 - Salt Lake City 3 |
| TOP OF THE 3RD |
|
Tucson Toros batting - Pitching for Salt Lake City Bees : RHP William Bates
|
|
Batting: LHB Pat Dodson
|
0-0: Fly out, F4 (Popup, 4, EV 70.6 MPH)
|
|
Batting: LHB Jeremy Penk
|
0-0: Ground out 4-3 (Groundball, 4MD, EV 106.9 MPH)
|
|
Batting: SHB Michael Miara
|
0-0: Called Strike 0-1: Ball 1-1: Foul Ball, location: 2F 1-2: Ball 2-2: Ball 3-2: Strikes out swinging
|
| Top of the 3rd over - 0 runs, 0 hits, 0 errors, 0 left on base; Tucson 5 - Salt Lake City 3 |
| BOTTOM OF THE 3RD |
|
Salt Lake City Bees batting - Pitching for Tucson Toros : RHP Alfredo Campos
|
|
Batting: RHB Stephen Vaughan
|
0-0: Foul Ball, location: 2F 0-1: Ball 1-1: Called Strike 1-2: SINGLE (Line Drive, 89M, EV 93.8 MPH)
|
|
Batting: LHB Eric Attaway
|
0-0: Ball 1-0: Grounds into double play, 5-4-3 (Groundball, 56, EV 80.0 MPH)
|
|
Batting: LHB Thomas Dorsey
|
0-0: Ground out 5-3 (Groundball, 56, EV 90.6 MPH)
|
| Bottom of the 3rd over - 0 runs, 1 hit, 0 errors, 0 left on base; Tucson 5 - Salt Lake City 3 |
| TOP OF THE 4TH |
|
Tucson Toros batting - Pitching for Salt Lake City Bees : RHP William Bates
|
|
Batting: LHB Danny Garcia
|
0-0: Called Strike 0-1: Foul Ball, location: 2F 0-2: Ground out 5-3 (Groundball, 56, EV 100.6 MPH)
|
|
Batting: LHB Bruce Boisclair
|
0-0: Foul Ball, location: 2F 0-1: Swinging Strike 0-2: Ball 1-2: Strikes out swinging
|
|
Batting: RHB Talmadge Tanks
|
0-0: Ball 1-0: Ball 2-0: TRIPLE (Line Drive, 9D, EV 93.1 MPH)
|
|
Batting: LHB Juan Bustabad
|
0-0: Ball 1-0: Ball 2-0: Ground out 6-3 (Groundball, 6, EV 80.0 MPH)
|
| Top of the 4th over - 0 runs, 1 hit, 0 errors, 1 left on base; Tucson 5 - Salt Lake City 3 |
| BOTTOM OF THE 4TH |
|
Salt Lake City Bees batting - Pitching for Tucson Toros : RHP Alfredo Campos
|
|
Batting: RHB William Cole
|
0-0: Ball 1-0: Ball 2-0: Called Strike 2-1: Foul Ball, location: 2F 2-2: Foul Ball, location: 2F 2-2: Ball 3-2: Foul Ball, location: 2F 3-2: Foul Ball, location: 2F 3-2: Fly out, F6 (Flyball, 56D, EV 78.8 MPH)
|
|
Batting: RHB Dick C Schofield
|
0-0: Ball 1-0: Ground out 6-3 (Groundball, 6M, EV 95.0 MPH)
|
|
Batting: RHB Jamie Nelson
|
0-0: Ball 1-0: Ground out 6-3 (Groundball, 6, EV 87.5 MPH)
|
| Bottom of the 4th over - 0 runs, 0 hits, 0 errors, 0 left on base; Tucson 5 - Salt Lake City 3 |
| TOP OF THE 5TH |
|
Tucson Toros batting - Pitching for Salt Lake City Bees : RHP William Bates
|
|
Batting: SHB Rodney Scott
|
0-0: Ground out 4-3 (Groundball, 34, EV 105.0 MPH)
|
|
Batting: RHB David Holmes
|
0-0: Swinging Strike 0-1: Ball 1-1: Foul Ball, location: 2F 1-2: Foul Ball, location: 2F 1-2: Strikes out swinging
|
|
Batting: LHB Pat Dodson
|
0-0: Called Strike 0-1: Ball 1-1: Fly out, F8 (Line Drive, 8RD, EV 95.6 MPH)
|
| Top of the 5th over - 0 runs, 0 hits, 0 errors, 0 left on base; Tucson 5 - Salt Lake City 3 |
| BOTTOM OF THE 5TH |
|
Salt Lake City Bees batting - Pitching for Tucson Toros : RHP Alfredo Campos
|
|
Batting: RHB Darnell Coles
|
0-0: Fly out, F7 (Flyball, 7D, EV 97.5 MPH)
|
|
Batting: RHB Reid Nichols
|
0-0: Called Strike 0-1: Ball 1-1: Foul Ball, location: 2F 1-2: Fly out, F8 (Line Drive, 8RM, EV 91.9 MPH)
|
|
Batting: RHB Antonio Baca
|
0-0: Ball 1-0: Called Strike 1-1: Ball 2-1: Foul Ball, location: 2F 2-2: Fly out, F4 (Line Drive, 4, EV 75.0 MPH)
|
| Bottom of the 5th over - 0 runs, 0 hits, 0 errors, 0 left on base; Tucson 5 - Salt Lake City 3 |
| TOP OF THE 6TH |
|
Tucson Toros batting - Pitching for Salt Lake City Bees : RHP William Bates
|
|
Pitching: LHP Bernard Kacenski
|
|
|
Batting: LHB Jeremy Penk
|
0-0: Swinging Strike 0-1: Ball 1-1: Ball 2-1: SINGLE (Line Drive, 8LS, EV 95.6 MPH)
|
|
Batting: SHB Michael Miara
|
0-0: Bunt missed! 0-1: Bunt missed! 0-2: Ball 1-2: Ball 2-2: Ball 3-2: Base on Balls Jeremy Penk to second
|
|
Batting: LHB Danny Garcia
|
0-0: Fly out, F4 (Flyball, 34D, EV 84.4 MPH)
|
|
Batting: LHB Bruce Boisclair
|
0-0: Swinging Strike 0-1: Ball 1-1: Swinging Strike 1-2: Foul Ball, location: 2F 1-2: Foul Ball, location: 2F 1-2: Strikes out looking
|
|
Batting: RHB Talmadge Tanks
|
0-0: Called Strike 0-1: Foul Ball, location: 2F 0-2: Foul Ball, location: 2F 0-2: Ground out U3 (Groundball, 3L, EV 91.3 MPH)
|
| Top of the 6th over - 0 runs, 1 hit, 0 errors, 2 left on base; Tucson 5 - Salt Lake City 3 |
| BOTTOM OF THE 6TH |
|
Salt Lake City Bees batting - Pitching for Tucson Toros : RHP Alfredo Campos
|
|
Batting: RHB Stephen Vaughan
|
0-0: Ball 1-0: Called Strike 1-1: Ball 2-1: Called Strike 2-2: Ground out 5-3 (Groundball, 56S, EV 83.8 MPH)
|
|
Batting: LHB Eric Attaway
|
0-0: Ball 1-0: Foul Ball, location: 2F 1-1: Ball 2-1: Ball 3-1: Ground out 6-3 (Groundball, 6, EV 103.8 MPH)
|
|
Batting: LHB Thomas Dorsey
|
0-0: Ground out 5-3 (Groundball, 5, EV 106.3 MPH)
|
| Bottom of the 6th over - 0 runs, 0 hits, 0 errors, 0 left on base; Tucson 5 - Salt Lake City 3 |
| TOP OF THE 7TH |
|
Tucson Toros batting - Pitching for Salt Lake City Bees : LHP Bernard Kacenski
|
|
Batting: LHB Juan Bustabad
|
0-0: Ground out 4-3 (Groundball, 4, EV 83.8 MPH)
|
|
Batting: SHB Rodney Scott
|
0-0: Ball 1-0: Called Strike 1-1: Swinging Strike 1-2: Strikes out swinging
|
|
Batting: RHB David Holmes
|
0-0: Ball 1-0: Ball 2-0: Called Strike 2-1: Fly out, F9 (Flyball, 89M, EV 77.5 MPH)
|
| Top of the 7th over - 0 runs, 0 hits, 0 errors, 0 left on base; Tucson 5 - Salt Lake City 3 |
| BOTTOM OF THE 7TH |
|
Salt Lake City Bees batting - Pitching for Tucson Toros : RHP Alfredo Campos
|
|
Batting: RHB William Cole
|
0-0: Called Strike 0-1: Ball 1-1: Called Strike 1-2: Ball 2-2: Foul Ball, location: 2F 2-2: Ball 3-2: Base on Balls
|
|
Batting: RHB Dick C Schofield
|
0-0: Fly out, F6 (Line Drive, 6, EV 61.9 MPH)
|
|
Batting: RHB Jamie Nelson
|
0-0: Called Strike 0-1: Ball 1-1: Called Strike 1-2: Ball 2-2: SINGLE (Line Drive, 3L, EV 98.8 MPH) William Cole to second
|
|
Pinch Runner at 2nd Donnie Hill:
|
|
|
Batting: RHB Darnell Coles
|
0-0: Ball Donnie Hill steals 3rd base (no throw) Jamie Nelson to second 1-0: Ball 2-0: Called Strike 2-1: Ground out 5-3 (Groundball, 5S, EV 70.6 MPH)
|
|
Pinch Hitting: LHB Robert Schuster
|
0-0: Called Strike 0-1: Swinging Strike 0-2: Foul Ball, location: 2F 0-2: SINGLE (Groundball, 34D, EV 104.4 MPH) Donnie Hill scores Jamie Nelson to third Runner from 3rd tries for Home, SAFE, throw by RF to home Robert Schuster to second
|
|
Batting: RHB Antonio Baca
|
0-0: Swinging Strike 0-1: Swinging Strike 0-2: Foul Ball, location: 2F 0-2: Foul Ball, location: 2F 0-2: Foul Ball, location: 2F 0-2: Foul Ball, location: 2F 0-2: Ball 1-2: Strikes out swinging
|
| Bottom of the 7th over - 2 runs, 2 hits, 0 errors, 1 left on base; Tucson 5 - Salt Lake City 5 |
| TOP OF THE 8TH |
|
Tucson Toros batting - Pitching for Salt Lake City Bees : LHP Bernard Kacenski
|
|
Now at 1B: Robert Schuster
|
|
|
Now at 2B: Donnie Hill
|
|
|
Batting: LHB Pat Dodson
|
0-0: Ball 1-0: Called Strike 1-1: Foul Ball, location: 2F 1-2: Ball 2-2: Ball 3-2: Base on Balls
|
|
Batting: LHB Jeremy Penk
|
0-0: Ball 1-0: Ball 2-0: Called Strike 2-1: Called Strike 2-2: Fielders Choice at 2nd, 6-4 (Groundball, 56, EV 100.6 MPH)
|
|
Batting: SHB Michael Miara
|
0-0: Sac Bunt to 3S - play at first, batter OUT! 3-4 Jeremy Penk to second
|
|
Batting: LHB Danny Garcia
|
0-0: Fly out, F9 (Flyball, 9D, EV 103.1 MPH)
|
| Top of the 8th over - 0 runs, 0 hits, 0 errors, 1 left on base; Tucson 5 - Salt Lake City 5 |
| BOTTOM OF THE 8TH |
|
Salt Lake City Bees batting - Pitching for Tucson Toros : RHP Alfredo Campos
|
|
Pitching: RHP Eddie Garcia
|
|
|
Batting: RHB Stephen Vaughan
|
0-0: Ball 1-0: Ball 2-0: Foul Ball, location: 2F 2-1: Foul Ball, location: 2F 2-2: Ball 3-2: Base on Balls
|
|
Batting: LHB Eric Attaway
|
0-0: Ball Stephen Vaughan steals 2nd base (no throw) 1-0: Intentional Walk
|
|
Batting: LHB Thomas Dorsey
|
0-0: Ball Eric Attaway steals 2nd base Stephen Vaughan steals 3rd base 1-0: Ground out 4-3 (Groundball, 4, EV 75.6 MPH)
|
|
Batting: SHB Donnie Hill
|
0-0: Intentional Walk
|
|
Batting: RHB Dick C Schofield
|
0-0: Ball 1-0: Ball 2-0: Ball 3-0: Base on Balls Stephen Vaughan scores Eric Attaway to third Donnie Hill to second
|
|
Batting: RHB Jamie Nelson
|
0-0: Ball 1-0: Called Strike 1-1: Ball 2-1: Foul Ball, location: 2F 2-2: Ball 3-2: Fly out, F3 (Popup, 3S, EV 85.6 MPH)
|
|
Batting: RHB Darnell Coles
|
0-0: Called Strike 0-1: Ball 1-1: Ball 2-1: Foul Ball, location: 2F 2-2: Ball 3-2: Strikes out swinging
|
| Bottom of the 8th over - 1 run, 0 hits, 0 errors, 3 left on base; Tucson 5 - Salt Lake City 6 |
| TOP OF THE 9TH |
|
Tucson Toros batting - Pitching for Salt Lake City Bees : LHP Bernard Kacenski
|
|
Pinch Hitting: RHB Jose Castro
|
0-0: DOUBLE (Groundball, 5L, EV 104.4 MPH)
|
|
Pitching: LHP Andy Baumann
|
|
|
Batting: RHB Talmadge Tanks
|
0-0: Foul Ball, location: 2F 0-1: Foul Ball, location: 2F 0-2: Hit by Pitch
|
|
Batting: LHB Juan Bustabad
|
0-0: Ball 1-0: Bunt missed! 1-1: Bunted foul 1-2: Foul Ball, location: 2F 1-2: Ball 2-2: Ball 3-2: Foul Ball, location: 2F 3-2: SINGLE (Groundball, 13S, EV 68.8 MPH) (infield hit) Jose Castro to third Talmadge Tanks to second
|
|
Batting: SHB Rodney Scott
|
0-0: Ball 1-0: SINGLE (Groundball, 6, EV 98.1 MPH) Jose Castro scores Talmadge Tanks to third Juan Bustabad to second
|
|
Batting: RHB David Holmes
|
0-0: Foul Ball, location: 2F 0-1: Ball 1-1: Ball 2-1: Ball 3-1: Called Strike 3-2: SINGLE (Groundball, 6MD, EV 105.6 MPH) Talmadge Tanks scores Juan Bustabad to third Rodney Scott to second Runner from 3rd tries for Home, SAFE, throw by CF to home
|
|
Batting: LHB Pat Dodson
|
0-0: Swinging Strike 0-1: Ball 1-1: Foul Ball, location: 2F 1-2: Ball 2-2: Ball 3-2: SINGLE (Flyball, 4MD, EV 97.5 MPH) Rodney Scott to third David Holmes to second Rodney Scott scores David Holmes to third
|
|
Batting: LHB Jeremy Penk
|
0-0: Ball 1-0: Fly out, F7 (Line Drive, 7, EV 107.5 MPH)
|
|
Batting: SHB Michael Miara
|
0-0: Foul Ball, location: 2F 0-1: Swinging Strike 0-2: Ball 1-2: Ball 2-2: Ball 3-2: Strikes out looking
|
|
Pitching: RHP Ed Nunez
|
|
|
Batting: LHB Danny Garcia
|
0-0: Swinging Strike 0-1: Foul Ball, location: 2F 0-2: Reached via error on a dropped throw from 1B, E1 (Groundball, 34S, EV 86.3 MPH) David Holmes scores Pat Dodson to second
|
|
Batting: RHB Jose Castro
|
0-0: Called Strike 0-1: Foul Ball, location: 2F 0-2: Ball 1-2: Ball 2-2: Strikes out swinging
|
| Top of the 9th over - 5 runs, 5 hits, 1 error, 2 left on base; Tucson 10 - Salt Lake City 6 |
| BOTTOM OF THE 9TH |
|
Salt Lake City Bees batting - Pitching for Tucson Toros : RHP Eddie Garcia
|
|
Pitching: RHP Mike Morgan
|
|
|
Now in RF: Kevin King
|
|
|
Batting: LHB Robert Schuster
|
0-0: Foul Ball, location: 2F 0-1: Ball 1-1: SINGLE (Line Drive, 6D, EV 103.8 MPH)
|
|
Batting: RHB Antonio Baca
|
0-0: Ball 1-0: Ball 2-0: Called Strike 2-1: Ball 3-1: Foul Ball, location: 2F 3-2: Strikes out looking Robert Schuster steals 2nd base Batter strikes out.
|
|
Batting: RHB Stephen Vaughan
|
0-0: Ball 1-0: Ball 2-0: Foul Ball, location: 2F 2-1: Called Strike 2-2: SINGLE (Line Drive, 89S, EV 106.9 MPH) Robert Schuster to third
|
|
Batting: LHB Eric Attaway
|
0-0: Ball 1-0: Called Strike 1-1: Ball 2-1: Ball 3-1: Foul Ball, location: 2F 3-2: Foul Ball, location: 2F 3-2: Fly out, F9 (Flyball, 89M, EV 84.4 MPH)
|
|
Batting: LHB Thomas Dorsey
|
0-0: Foul Ball, location: 2F 0-1: Ball 1-1: Fly out, F7 (Flyball, 7S, EV 78.1 MPH)
|
| Bottom of the 9th over - 0 runs, 2 hits, 0 errors, 2 left on base; Tucson 10 - Salt Lake City 6 |
|